 Dungeon Sprint DCSS version 0.22-a0-354-g30dfbe6 (webtiles) character file.

36 102938475621 the Stinger (level 3, -1/28 HPs)
             Began as a Demonspawn Venom Mage on Apr 17, 2018.
             Slain by an orc wizard
             ... wielding a +0 dagger
              (3 damage)
             ... in the Dungeon (Sprint IX: "|||||||||||||||||||||||||||||").
             The game lasted 00:01:59 (338 turns).

102938475621 the Stinger (Demonspawn Venom Mage)     Turns: 338, Time: 00:01:59

Health: -1/28      AC:  3    Str:  9    XL:     3   Next: 19%
Magic:  2/7        EV: 13    Int: 16    God:
Gold:   0          SH:  0    Dex: 13    Spells: 7/8 levels left

rFire    . . .     SeeInvis .   (no weapon)
rCold    . . .     Gourm    .   (no shield)
rNeg     . . .     Faith    .   a - +0 robe
rPois    .         Spirit   .   (no helmet)
rElec    .         Reflect  .   (no cloak)
rCorr    .         Harm     .   (no gloves)
MR       .....     NoTele   +   (no boots)
Stlth    ++........             (no amulet)
HPRegen  0.09/turn              (no ring)
MPRegen  0.10/turn              (no ring)

@: lethally poisoned (-1 -> -5), berserk cooldown, slowed, very slow
A: rugged brown scales 1
a: no special abilities


You were in the Dungeon.
You were not hungry.

You visited 1 branch

Inventory:

Armour
 a - a +0 robe (worn)
Scrolls
 i - a scroll of blinking
Potions
 g - 2 potions of magic
Comestibles
 c - a ration


   Skills:
 + Level 2.5 Fighting
 + Level 3.1 Dodging
 - Level 1.7 Stealth
 + Level 3.2 Spellcasting
 + Level 2.9 Conjurations
 + Level 4.1 Poison Magic


You had 7 spell levels left.
You knew the following spells:

 Your Spells              Type           Power        Failure   Level  Hunger
a - Sting                 Conj/Pois      ##..         4%          1    None


Dungeon Overview and Level Annotations

Branches:
Dungeon (1/1)

Altars:


Innate Abilities, Weirdness & Mutations

You are partially covered in rugged brown scales. (AC +1, +3% HP)


Message History

You miss something.
You feel sick. Something hits you.
* * * LOW HITPOINT WARNING * * *
Okay, then.
Casting: Sting (safe; 4% risk of failure)
Confirm with . or Enter, or press ? or * to list all spells.
You can't see any susceptible monsters within range! (Use Z to cast anyway.)
Casting: Sting (safe; 4% risk of failure)
Confirm with . or Enter, or press ? or * to list all spells.
You can't see any susceptible monsters within range! (Use Z to cast anyway.)
You barely miss something. Something hits you.
* * * LOW HITPOINT WARNING * * *
You feel yourself slow down.
* * * LOW HITPOINT WARNING * * *
You feel sick.
* * * LOW HITPOINT WARNING * * *
You feel sick. Something hits you but does no damage.
There is an open door to the Dungeon here.
* * * LOW HITPOINT WARNING * * *
You feel sick. Something hits you.
You die...

▓▓▓
▓<▓
▓.▓
▓@▓
▓.▓
▓'▓
▓.▓
▓)▓
▓.▓
▓.▓
▓.▓
▓'▓


There were no monsters in sight!

Vanquished Creatures
  A worker ant (D)
  An adder zombie (D)
  A leopard gecko (D)
  An orc (D)
  A bat (D)
  A giant cockroach (D)
  A goblin (D)
  2 rats (D)
9 creatures vanquished.

Notes
Turn   | Place    | Note
-------+----------+-------------------------------------------
     0 | D        | 102938475621 the Demonspawn Venom Mage began the quest for the Orb.
     0 | D        | Reached XP level 1. HP: 13/13 MP: 3/3
    12 | D        | Reached skill level 1 in Fighting
   275 | D        | Noticed a worker ant
   275 | D        | Noticed an orc wizard
   296 | D        | Gained mutation: You are partially covered in rugged brown scales. (AC +1, +3% HP) [demonic ancestry]
   296 | D        | Reached XP level 2. HP: 10/21 MP: 0/5
   322 | D        | Reached skill level 4 in Poison Magic
   322 | D        | Reached XP level 3. HP: 28/28 MP: 1/7
   338 | D        | Slain by an orc wizard

Vault maps used:
D:        linesprint

Skill      XL: |  1  2 |
---------------+-------+-----
Dodging        | 2 3 |  3.1
Fighting       | 1 2 |  2.5
Conjurations   | 2 |  2.9
Spellcasting   | 3 |  3.2
Poison Magic   | 4 |  4.1
Stealth        | |  1.7

Action                   || total
-------------------------++-------
Melee: Unarmed           ||    62
 Cast: Sting             ||     9
  Use: Potion            ||     4
Armor: Robe              ||     7
Dodge: Dodged            ||    34

Table legend:
 A = Spawn XP
 B = Non-spawn XP
 C = Spawn XP percentage of total XP
 D = Spawn monster count
 E = Non-spawn monster count
 F = Spawn count percentage of total count
 G = Total turns spent on level
                    A         B        C        D         E        F      G
               +---------+---------+-------+---------+---------+-------+---------
         Total |       0 |      52 |   0.0 |       0 |       9 |   0.0 |   338
               +---------+---------+-------+---------+---------+-------+---------
             D |       0 |      52 |   0.0 |       0 |       9 |   0.0 |   338
               +---------+---------+-------+---------+---------+-------+---------
